Unix NetHack Version 5.0.0-0 post-release - last build Jul 19 2026 19:10:59 (3aa4ab31751d3886436d94b585a96704892fd477,branch:main).

Game began 2026-07-21 22:06:42, ended 2026-07-21 22:17:08.

IanCurtis, chaotic male elven Wizard

               -----------
 ---------   ##-.......@B|
 |[[[[[.[|   # |..........#                 #########
 |[[[).[.|#### --------.--##                     ---|-
 |.[[[[))-#                #                     |..%|
 |[[[)[[)|                 #                     |...|           -----------
 |[[[[[[.|                 ###               ###)..).-#####      |......>..|
 |)[[.[[[|                   #               #   |.<.|    #######..........|
 ---------                   #     --------- #   -----           |....(....|
                             ####  |.......| #                 ##..........|
                                ###........| #                   |....`....|
                                ###|.......|##                   -----------
                                 ##........|#
                                 # |........#
                                   ---------

IanCurtis the Conjurer    St:10 Dx:10 Co:12 In:20 Wi:11 Ch:12  Chaotic
Dlvl:2  $:23 HP:0(15) Pw:24(24) AC:8  Xp:3 T:1079 

Latest messages:
 You see here a pair of padded gloves (for sale, 60 zorkmids).
 "For you, good hir; only 60 zorkmids for this pair of padded gloves."
 I - a pair of padded gloves (unpaid, 60 zorkmids).
 What do you want to wear? [IL or ?*] I
 You finish your dressing maneuver.
 What do you want to take off? [bpI or ?*] I
 The kitten picks up a crude arrow.
 You finish taking off your gauntlets.
 What do you want to drop? [$a-ptvx-zA-CE-GIL or ?*] I
 You drop a +1 pair of gauntlets of dexterity (unpaid, 60 zorkmids).
 You see here a yellow mold corpse (no charge).
 The kitten drops a crude arrow.
 The kitten picks up a pair of combat boots.
 The kitten drops a pair of combat boots.
 You swap places with your kitten.
 "Hello, IanCurtis!  Welcome again to Alaca's used armor dealership!"
 J - a pair of combat boots.
 What do you want to wear? [L or ?*] J
 You are already wearing boots.
 What do you want to take off? [bp or ?*] ?
 You finish taking off your shoes.
 What do you want to wear? [pJL or ?*] ?
 You finish your dressing maneuver.
 You can't jump very far.
 What do you want to drop? [$a-ptvx-zA-CE-GJL or ?*] p
 You drop a burnt +0 pair of walking shoes.
 Alaca offers 3 gold pieces for your pair of walking shoes.  Sell it? [ynaq] (n) y
 A burnt +0 pair of low boots; you sold it for 3 gold pieces.
 The kitten picks up a crude arrow.
 The kitten drops a crude arrow.
 You see here a leather armor (for sale, 5 zorkmids).
 You see here a +1 pair of gauntlets of dexterity (for sale, 60 zorkmids).
 "For you, most gracious hir; only 60 zorkmids for this pair of gauntlets of dexterity."
 I - a +1 pair of gauntlets of dexterity (unpaid, 60 zorkmids).
 What do you want to drop? [$a-otvx-zA-CE-GIJL or ?*] I
 You drop a +1 pair of gauntlets of dexterity (unpaid, 60 zorkmids).
 You see here a spear (for sale, 3 zorkmids).
 You see here a leather armor (for sale, 5 zorkmids).
 You see here 5 crude arrows (for sale, 145 zorkmids).
 You do not owe Alaca anything.
 The kitten picks up a spear.
 The gecko bites!
 You kill the gecko!
 The bat bites!
 The bat bites!
 You miss the bat.
 The bat bites!
 The bat bites!
 You die...
 Do you want your possessions identified? [ynq] (y) q

Inventory:
 Coins    ('$')
  $ - 23 gold pieces
 Amulets  ('"')
  A - an uncursed amulet of life saving
  y - a cursed amulet of strangulation
 Weapons  (')')
  z - a +0 orcish dagger
  a - a blessed +1 quarterstaff (weapon in hands)
 Armor    ('[')
  L - an uncursed +1 helm of caution
  J - an uncursed +0 pair of water walking boots (being worn)
  b - an uncursed +0 cloak of magic resistance (being worn)
 Comestibles  ('%')
  E - an uncursed lembas wafer
  F - an uncursed sprig of wolfsbane
  t - an uncursed tripe ration
 Scrolls  ('?')
  k - an uncursed scroll of charging
  B - an uncursed scroll of confuse monster
  i - 3 uncursed scrolls of identify
  G - a cursed scroll of identify
  j - a blessed scroll of magic mapping
  v - a blessed scroll of teleportation
 Spellbooks  ('+')
  l - a blessed spellbook of force bolt
  m - an uncursed spellbook of magic missile
  x - an uncursed spellbook of protection
 Potions  ('!')
  g - an uncursed potion of enlightenment
  C - an uncursed potion of healing
  f - an uncursed potion of see invisible
  h - an uncursed potion of water
 Rings    ('=')
  d - an uncursed ring of regeneration
  e - an uncursed ring of teleport control
 Wands    ('/')
  c - a wand of secret door detection (0:15)
 Tools    ('(')
  o - an uncursed bugle
  n - a magic marker (0:21)

IanCurtis the Wizard's attributes:

Background:
 You were a Conjurer, a level 3 male elven Wizard.
 You were chaotic, nominally on a mission for Anhur
 who was opposed by Ptah (lawful) and Thoth (neutral).
 You were right-handed.
 You were in the Dungeons of Doom, on level 2.
 You entered the dungeon 1079 turns ago.
 It was nighttime.
 You had 45 experience points, 35 more were needed to attain level 4.

Basics:
 You had 0 out of 15 hit points.
 You had all 24 energy points (spell power).
 Your armor class was 8.
 Your wallet contained 23 zorkmids.
 Autopickup was off.

Final Characteristics:
 Your strength was 10 (limit:18).
 Your dexterity was 10 (limit:18).
 Your constitution was 12 (limit:16).
 Your intelligence was 20 (limit:20).
 Your wisdom was 11 (limit:20).
 Your charisma was 12 (limit:18).

Final Status:
 You weren't hungry.
 You were unencumbered.
 You were wielding a quarterstaff.
 You had basic skill with quarterstaff.

Final Attributes:
 You were devoutly aligned.
 You were magic-protected.
 You had infravision.
 You could walk on water.
 You were warded.
 You are dead.

Miscellaneous:
 You didn't encounter any bones levels.
 Total elapsed playing time was 10 minutes and 26 seconds.

Major events:
 Turn
    1: IanCurtis the chaotic male elven Wizard entered the dungeon
  775: attained the rank of Conjurer (level 3)
 1079: killed by a bat

Spells:
 Name                 Level Category     Fail Retention
 force bolt             1   attack         0%  91%-100%
 magic missile          2   attack         0%  91%-100%
 protection             1   clerical       0%  76%-100%

Skills:
 Fighting Skills
   bare handed combat [Unskilled]
   riding             [Unskilled]
 Weapon Skills
   dagger             [Unskilled]
   knife              [Unskilled]
   axe                [Unskilled]
   short sword        [Unskilled]
   club               [Unskilled]
   mace               [Unskilled]
   quarterstaff       [Basic]
   polearms           [Unskilled]
   spear              [Unskilled]
   trident            [Unskilled]
   sling              [Unskilled]
   dart               [Unskilled]
   shuriken           [Unskilled]
 Spellcasting Skills
   attack spells      [Basic]
   healing spells     [Unskilled]
   divination spells  [Unskilled]
   enchantment spells [Basic]
   clerical spells    [Unskilled]
   escape spells      [Unskilled]
   matter spells      [Unskilled]

Voluntary challenges:
 Character rerolling was not enabled.
 You were an atheist.
 You never genocided any monsters.
 You never polymorphed an object.
 You never changed form.
 You used no wishes.
Achievements:
 You attained the rank of Conjurer.
 You entered a shop.

 The Dungeons of Doom: levels 1 to 2
    Level 1: "vault"
       A fountain.
    Level 2: <- You were here.
       An armor shop.
       Final resting place for
          you, killed by a bat.


Vanquished creatures:
  a shrieker
 an acid blob
  a hobbit
  a yellow mold
  2 geckos
  a jackal
  a fox
  a kobold
  2 goblins
  a grid bug
  a lichen
  2 kobold zombies
  a newt
16 creatures vanquished.

No species were genocided or became extinct.

Game over:
                       ----------
                      /          \
                     /    REST    \
                    /      IN      \
                   /     PEACE      \
                  /                  \
                  |    IanCurtis     |
                  |      23 Au       |
                  | killed by a bat  |
                  |                  |
                  |                  |
                  |                  |
                  |       2026       |
                 *|     *  *  *      | *
        _________)/\\_//(\/(/\)/\//\/|_)_______

Goodbye IanCurtis the Wizard...

You died in The Dungeons of Doom on dungeon level 2 with 251 points,
and 23 pieces of gold, after 1079 moves.
You were level 3 with a maximum of 15 hit points when you died.

